AoeStats
← Zumoshi

Arabia

507232466Analyzed
1v1 RM · 16d ago on Sep 17, 2026· 53m 10s· 2 players
Game mode
Random Map
Map size
Tiny (2 player)
Population
200
Speed
Normal
Resources
Standard
Victory
Conquest
Starting age
Dark Age
Ending age
Imperial Age
RankedLock teamsTeams togetherTeam positionsShared explorationLock speedFull tech treeHidden civsTurbo modeCheats
Victory
Defeat
🇵🇪 Inca · Peru
1139
+14
🇮🇱 Khitans · Israel
1086
-14
Zumoshi
7:09 Loom
9:40 Feudal Age
12:34 Man-at-Arms
14:19 Forging
17:19 Double-Bit Axe
23:12 Castle Age
22:13 Scale Barding Armor
23:30 Gold Mining
26:01 Husbandry
26:35 Chain Barding Armor
29:06 Bow Saw
32:00 Iron Casting
32:15 Domestication
36:55 Elite Skirmisher
37:28 Fletching
37:38 Padded Archer Armor
39:30 Bodkin Arrow
40:50 Leather Archer Armor
42:05 Lamellar Armor
46:40 Imperial Age
46:12 Light Cavalry
47:32 Bracer
48:12 Plate Barding Armor
47:22 Hussar
49:44 Ring Archer Armor
49:34 Bow Saw
50:04 Wheelbarrow
49:14 Town Watch
50:08 Thumb Ring
51:28 Ballistics
52:09 Chemistry
Spartan3072
8:45 Feudal Age
8:59 Champi Runner
10:13 Loom
12:15 Arson
23:08 Castle Age
21:27 Fletching
23:42 Padded Archer Armor
23:59 Thumb Ring
24:10 Crossbowman
25:53 Bodkin Arrow
30:44 Town Watch
32:17 Double-Bit Axe
34:37 Leather Archer Armor
40:42 Imperial Age
39:42 Horse Collar
41:49 Conscription
42:25 Arbalester
44:35 Scale Mail Armor
45:41 Wheelbarrow
46:47 Chain Mail Armor
48:19 Forging
48:41 Gold Mining
49:04 Heavy Plow
49:46 Plate Mail Armor
50:16 Wheelbarrow
50:37 Elite Kamayuk
51:45 Fabric Shields
52:57 Iron Casting
Connection lost

Rejoining the realm…

Still unreachable

The connection could not be restored.

Session expired

The server has moved on; the page needs a fresh start.